 Dungeon Crawl Stone Soup version 0.31-a0-574-g69dc8cc98e (webtiles) character file.

Game seed: 10684722083094261416

604 wazuzu the Ruffian (level 7, -15/58 HPs)
             Began as a Ghoul Monk on Aug 18, 2023.
             Was a Believer of Cheibriados.
             Demolished by a two-headed ogre
             ... wielding a +0 giant club
              (18 damage)
             ... on level 8 of the Dungeon.
             The game lasted 00:08:40 (3569 turns).

wazuzu the Ruffian (Ghoul Monk)                     Turns: 3569, Time: 00:08:42

Health: -15/58     AC:  8    Str: 20    XL:     7   Next: 42%
Magic:  6/6        EV: 17    Int: 12    God:    Cheibriados [**....]
Gold:   214        SH:  0    Dex: 22    Spells: 6/6 levels left

rFire   . .          .
                       - Unarmed
rCold   + . .        c - orb {light}
rNeg    + + +        p - +3 leather armour
rPois   ∞            (no helmet)
rElec   .            (no cloak)
rCorr   .            (no gloves)
SInv    .            o - +2 pair of slick slippers {slick, slippery, EV+4}
Will    .....        (no amulet)
Stlth   +            s - +6 ring of dexterity
HPRegen 0.00/turn    (no ring)
MPRegen 0.10/turn

%: no passive effects
@: inhibited regen, glowing, very slow
A: claws 1, cold resistance 1, negative energy resistance 3, inhibited
regeneration, torment resistance 2, devour on kill
a: Renounce Religion, Bend Time


You were on level 8 of the Dungeon.
You worshipped Cheibriados.
Cheibriados was pleased with you.
You visited 1 branch of the dungeon, and saw 6 of its levels.

You collected 214 gold pieces.


Innate Abilities, Weirdness & Mutations

You are immune to poison.
You have sharp fingernails.
Your flesh is cold resistant. (rC+)
You are immune to negative energy. (rN+++)
You do not regenerate when monsters are visible.
You are immune to unholy pain and torment.
You thrive by killing the living.


   Skills:
 - Level 3.7 Fighting
 - Level 3.0 Armour
 - Level 3.0 Dodging
 + Level 7.9 Unarmed Combat


You had 6 spell levels left.
You didn't know any spells.
Your spell library contained the following spells:

 Spells                   Type           Power      Damage    Failure   Level
 Apportation              Tloc           0%         N/A       36%         1
 Alistair's Intoxication  Tmut/Pois      0%         N/A       100%        5


Dungeon Overview and Level Annotations

Branches:
Dungeon (5/15)
 Temple: D:4-7

Altars:
Cheibriados
Fedhas

Inventory:

Missiles
 d - 34 stones
 j - a throwing net
 l - 3 poisoned darts
Armour
 c - an orb of light (worn)
 o - the +2 pair of slick slippers (worn) {slick, slippery, EV+4}
   (You found it on level 3 of the Dungeon)

   Slick:     Its wearer cannot be constricted, engulfed, netted or webbed.
   Slippery:  Its wearer slips away from damaging melee attacks, pulling the
   attacker onward.
   EV+4:      It affects your evasion (+4).
 p - a +3 leather armour (worn)
 q - a +0 buckler
Jewellery
 s - a +6 ring of dexterity (left claw)
Wands
 v - a wand of flame (18)
Scrolls
 f - 2 scrolls of amnesia {unknown}
 g - a scroll of silence {unknown}
 h - 2 scrolls of enchant armour {unknown}
 i - a scroll of torment {unknown}
 k - 4 scrolls of identify {unknown}
 m - a scroll of teleportation {unknown}
 u - a scroll of fear {unknown}
 w - a scroll of vulnerability {unknown}
 y - a scroll of blinking {unknown}
Potions
 b - a potion of ambrosia
 n - 2 potions of heal wounds {unknown}
 r - a potion of curing {unknown}
 t - a potion of berserk rage {unknown}
 x - 2 potions of resistance {unknown}
 z - 2 potions of invisibility {unknown}
 A - 2 potions of enlightenment {unknown}

#...(.........#...## ..
.#..#..####....#..##.#
.[.#.# #..........##
#...z# #...........#
#....#####.####.####..
##.S#z#.....##.....## .
#..gg...#...#.......#
.......#g##..#.#.......#.
....##.#)@#........_......
..# #.##O#.#..#.......#..
( #. #...)).#.......#.. ##
##..)#.##.....## .
#...#.####.### #.#.#..
.... #.#.#### #### ..#..
...####


You could see a two-headed ogre, a water moccasin, 2 wights and 3 gnolls.


Message History

Found 2 stones.
A gnoll comes into view. It is wielding a +0 club.
The gnoll sergeant hits you with a +0 spear.
You slip backwards!
You scratch the gnoll sergeant but do no damage.
A gnoll comes into view. It is wielding a +0 spear.
The gnoll sergeant closely misses you.
You claw the gnoll sergeant!
The gnoll sergeant is moderately wounded.
The gnoll sergeant hits you with a +0 spear.
You slip backwards!
You scratch the gnoll sergeant.
The gnoll sergeant is moderately wounded.
A gnoll comes into view. It is wielding a +0 whip.
The gnoll sergeant closely misses you.
You scratch the gnoll sergeant but do no damage.
The gnoll sergeant is moderately wounded.
You scratch the gnoll sergeant.
The gnoll sergeant is moderately wounded.
The gnoll sergeant barely misses you.
You claw the gnoll sergeant!
The gnoll sergeant is severely wounded.
You claw the gnoll sergeant!
The gnoll sergeant is almost dead.
The gnoll closely misses you.
The gnoll sergeant hits you with a +0 spear.
You claw the gnoll sergeant!
You kill the gnoll sergeant!
Cheibriados thoroughly appreciates the change of pace.
You feel better.
The gnoll hits you from afar with a +0 spear.
You scratch the gnoll.
The gnoll is heavily wounded.
The gnoll misses you. The gnoll closely misses you.
You scratch the gnoll.
The gnoll is severely wounded.
The gnoll hits you with a +0 club. The gnoll closely misses you.
You scratch the gnoll.
You kill the gnoll!
Cheibriados appreciates the change of pace.
You feel better.
A two-headed ogre comes into view.
It is wielding a +0 giant club and a +0 giant spiked club.
A jelly comes into view.
The gnoll closely misses you.
A wight comes into view. It is wielding a +1 scimitar.
Okay, then.
Okay, then.
You claw the jelly!
Your claws burn!
The jelly is almost dead.
The jelly misses you.
The gnoll hits you from afar with a +0 spear.
A water moccasin comes into view.
You claw the jelly!
You kill the jelly!
Cheibriados appreciates the change of pace.
The sentinel's mark upon you fades away.
A wight comes into view. It is wielding a +4 great sword.
The two-headed ogre barely misses you.
The two-headed ogre hits you with a +0 giant spiked club.
* * * LOW HITPOINT WARNING * * *
The gnoll closely misses you.
You scratch the two-headed ogre.
The two-headed ogre is lightly wounded.
You claw the two-headed ogre!
The two-headed ogre is moderately wounded.
The gnoll hits you but does no damage. The gnoll completely misses you.
The two-headed ogre hits you with a +0 giant club!!
* * * LOW HITPOINT WARNING * * *
The two-headed ogre hits you with a +0 giant spiked club!!
You die...

Action                     |  1- 3 |  4- 6 |  7- 9 || total
---------------------------+-------+-------+-------++-------
  Melee: Unarmed           |    96 |   155 |    21 ||   272
 Armour: Ring mail         |    42 |     4 |       ||    46
         Leather armour    |       |    32 |     3 ||    35
  Dodge: Dodged            |    58 |    94 |    18 ||   170

Levels and vault maps discovered:
D:1:      lightli_iron_boxes, layout_loops_ring
D:2:      layout_loops_corners
D:3:      layout_basic, nrook_uturn, chequers_serial_rivers_micro_c
D:4:      layout_loops_corners, mainiacjoe_overflow_small_starburst
D:5:      layout_gridville, minmay_temple_entry_mini_moons, serial_shops,
          nicolae_shop_tiny_glass, kennysheep_generic_room_11, uniq_ijyb
D:8:      layout_rooms, mainiacjoe_overflow_alcove_3, kennysheep_little_box,
          old_standard_altar, serial_shops, nicolae_shop_tiny_waterfront,
          nicolae_wooded_promenade, minmay_crystal_room

Notes
Turn   | Place    | Note
-------+----------+-------------------------------------------
     0 | D:1      | wazuzu the Ghoul Monk began the quest for the Orb.
     0 | D:1      | Reached XP level 1. HP: 19/19 MP: 0/0
    73 | D:1      | Reached XP level 2. HP: 26/26 MP: 1/1
   248 | D:1      | Reached skill level 3 in Dodging
   339 | D:1      | Reached XP level 3. HP: 33/33 MP: 2/2
   506 | D:1      | Reached skill level 4 in Unarmed Combat
   820 | D:2      | Reached XP level 4. HP: 37/40 MP: 3/3
  1617 | D:3      | Found the +2 pair of slick slippers {slick, slippery, EV+4}
  1698 | D:3      | Reached skill level 1 in Armour
  2171 | D:3      | Reached XP level 5. HP: 46/46 MP: 4/4
  2179 | D:3      | Reached skill level 5 in Unarmed Combat
  2237 | D:3      | Reached skill level 2 in Armour
  2693 | D:4      | Reached skill level 3 in Armour
  2693 | D:4      | Reached XP level 6. HP: 45/52 MP: 5/5
  2805 | D:4      | Reached skill level 6 in Unarmed Combat
  2960 | D:4      | Found a snail-covered altar of Cheibriados.
  2996 | D:4      | Became a worshipper of Cheibriados the Contemplative
  2996 | D:4      | Reached * piety under Cheibriados
  2996 | D:4      | Reached ** piety under Cheibriados
  3419 | D:5      | Entered Level 5 of the Dungeon
  3451 | D:5      | You fall into a shaft and drop 3 floors!
  3510 | D:8      | Found a blossoming altar of Fedhas.
  3540 | D:8      | Reached XP level 7. HP: 46/58 MP: 6/6
  3548 | D:8      | Reached skill level 7 in Unarmed Combat
  3565 | D:8      | Noticed a two-headed ogre
  3569 | D:8      | HP: 3/58 [two-headed ogre/+0 giant club (23)]
  3569 | D:8      | Demolished by a two-headed ogre

Vanquished Creatures
  A gnoll sergeant (D:8)
  A bullfrog (D:8)
  2 scorpions (D:4)
  A hound (D:4)
  An orc priest (D:8)
  A jelly (D:8)
  A sleepcap (D:4)
  An iguana (D:3)
  An orc wizard (D:8)
  A gnoll (D:8)
  8 adders
  A white imp (D:8)
  3 worms
  2 dart slugs
  10 orcs
  9 ball pythons
  7 bats
  5 endoplasms
  4 giant cockroaches
  6 goblins
  6 hobgoblins
  5 jackals (D:1)
  5 quokkas
  5 frilled lizards
  6 kobolds
  2 rats
95 creatures vanquished.
